MLB
LOS ANGELES ANGELS @ CHICAGO WHITE SOX
07/24/2099
 
TOP OF THE 1ST
Los Angeles Angels batting - Pitching for Chicago White Sox : LHP Domingo Tamayo
Pitching: LHP Domingo Tamayo
Batting: RHB Matthew Allen 0-0: Called Strike
0-1: Ball
1-1: Ball
2-1: Ball
3-1: Called Strike
3-2: Base on Balls
Batting: RHB Jimmy Powell 0-0: Called Strike
0-1: Swinging Strike
0-2: Ball
1-2: Foul Ball, location: 2RF
1-2: Ball
2-2: Strikes out swinging
Batting: LHB Matt Evans 0-0: Called Strike
0-1: Ball
1-1: Foul Ball, location: 2F
1-2: Strikes out swinging
Batting: RHB Jose Orozco 0-0: Called Strike
0-1: Swinging Strike
0-2: Ball
1-2: Foul Ball, location: 7LMF
1-2: Ball
2-2: Strikes out swinging
Top of the 1st over - 0 runs, 0 hits, 0 errors, 1 left on base; Los Angeles 0 - Chicago 0
BOTTOM OF THE 1ST
Chicago White Sox batting - Pitching for Los Angeles Angels : RHP Eduardo Astudillo
Pitching: RHP Eduardo Astudillo
Batting: RHB Luis Marquina 0-0: Foul Ball, location: 3DF
0-1: SINGLE (Groundball, 6MD, EV 101.9 MPH)
Batting: RHB Brian Jones 0-0: Ball
1-0: Foul Ball, location: 3F
1-1: Ball
2-1: Fly out, F8 (Flyball, 89D, EV 104.4 MPH)
Batting: LHB Dan Roos 0-0: Called Strike
0-1: Swinging Strike
0-2: Ball
1-2: Ball
2-2: Fielders Choice at 2nd, 1-6 (Groundball, 13S, EV 74.4 MPH)
Batting: LHB Tim Eaton 0-0: Called Strike
0-1: Foul Ball, location: 7LSF
0-2: Foul Ball, location: 7LDF
0-2: Foul Ball, location: 3SF
0-2: 2-RUN HOME RUN (Flyball, 7D, EV 98.1 MPH), Distance : 378 ft
Batting: LHB Bryan Lupo 0-0: Fly out, F7 (Flyball, 7S, EV 78.8 MPH)
Bottom of the 1st over - 2 runs, 2 hits, 0 errors, 0 left on base; Los Angeles 0 - Chicago 2
TOP OF THE 2ND
Los Angeles Angels batting - Pitching for Chicago White Sox : LHP Domingo Tamayo
Batting: LHB Esteban Castro 0-0: Ball
1-0: Called Strike
1-1: Ball
2-1: Fly out, F9 (Flyball, 9, EV 95.6 MPH)
Batting: RHB Mel Garcia 0-0: Ground out 6-3 (Groundball, 6, EV 91.3 MPH)
Batting: RHB Tim Williams 0-0: Ball
1-0: Ground out 5-3 (Groundball, 56S, EV 88.1 MPH)
Top of the 2nd over - 0 runs, 0 hits, 0 errors, 0 left on base; Los Angeles 0 - Chicago 2
BOTTOM OF THE 2ND
Chicago White Sox batting - Pitching for Los Angeles Angels : RHP Eduardo Astudillo
Batting: RHB Cory Gilmore 0-0: Called Strike
0-1: Swinging Strike
0-2: Strikes out looking
Batting: RHB Butch Arnett 0-0: Called Strike
0-1: Ball
1-1: Ball
2-1: Called Strike
2-2: Ball
3-2: Foul Ball, location: 9LSF
3-2: Fly out, F8 (Flyball, 8RM, EV 98.1 MPH)
Batting: LHB Kenny Helm 0-0: TRIPLE (Line Drive, 78XD, EV 104.4 MPH)
Batting: SHB Jeremy Nussbaum 0-0: Swinging Strike
0-1: Foul Ball, location: 2F
0-2: Ground out 6-3 (Groundball, 6, EV 84.4 MPH)
Bottom of the 2nd over - 0 runs, 1 hit, 0 errors, 1 left on base; Los Angeles 0 - Chicago 2
TOP OF THE 3RD
Los Angeles Angels batting - Pitching for Chicago White Sox : LHP Domingo Tamayo
Batting: RHB Danny Rivero 0-0: Called Strike
0-1: Ball
1-1: Ground out 6-3 (Groundball, 6, EV 83.8 MPH)
Batting: LHB Ken Calhoun 0-0: Foul Ball, location: 2F
0-1: Ball
1-1: Swinging Strike
1-2: Strikes out swinging
Batting: RHB Matthew Allen 0-0: Ball
1-0: Foul Ball, location: 7LSFF
1-1: Foul Ball, location: 2F
1-2: Foul Ball, location: 2F
1-2: Strikes out looking
Top of the 3rd over - 0 runs, 0 hits, 0 errors, 0 left on base; Los Angeles 0 - Chicago 2
BOTTOM OF THE 3RD
Chicago White Sox batting - Pitching for Los Angeles Angels : RHP Eduardo Astudillo
Batting: RHB Luis Marquina 0-0: Called Strike
0-1: Foul Ball, location: 2F
0-2: Ball
1-2: Foul Ball, location: 9LSF
1-2: Strikes out swinging
Batting: RHB Brian Jones 0-0: Ball
1-0: Called Strike
1-1: Foul Ball, location: 9LDF
1-2: Ball
2-2: Ball
3-2: Strikes out swinging
Batting: LHB Dan Roos 0-0: Ball
1-0: Foul Ball, location: 5SF
1-1: SINGLE (Line Drive, 56D, EV 96.3 MPH)
Batting: LHB Tim Eaton 0-0: Called Strike
0-1: Foul Ball, location: 7LDF
0-2: Ball
1-2: Fly out, F6 (Popup, 6M, EV 77.5 MPH)
Bottom of the 3rd over - 0 runs, 1 hit, 0 errors, 1 left on base; Los Angeles 0 - Chicago 2
TOP OF THE 4TH
Los Angeles Angels batting - Pitching for Chicago White Sox : LHP Domingo Tamayo
Batting: RHB Jimmy Powell 0-0: Foul Ball, location: 7LMF
0-1: Swinging Strike
0-2: SOLO HOME RUN (Flyball, 7LD, EV 95.6 MPH), Distance : 350 ft
Batting: LHB Matt Evans 0-0: Swinging Strike
0-1: Foul Ball, location: 7LMF
0-2: Strikes out swinging
Batting: RHB Jose Orozco 0-0: Ball
1-0: Ball
2-0: Ball
3-0: Base on Balls
Batting: LHB Esteban Castro 0-0: Ball
1-0: Foul Ball, location: 23F
1-1: Ball
2-1: Ball
3-1: Foul Ball, location: 7LDF
3-2: Fielders Choice at 2nd, 3-6 (Groundball, 3, EV 103.8 MPH)
Batting: RHB Mel Garcia 0-0: Called Strike
0-1: Ball
1-1: Called Strike
1-2: Foul Ball, location: 2RF
1-2: Foul Ball, location: 2F
1-2: Ball
2-2: Ball
3-2: Foul Ball, location: 5F
3-2: SINGLE (Groundball, 5D, EV 98.1 MPH)
Esteban Castro to second
Esteban Castro to third
Batting: RHB Tim Williams 0-0: Foul Ball, location: 2F
0-1: Ball
1-1: Ball
2-1: Ground out 1-3 (Groundball, 15S, EV 67.5 MPH)
Top of the 4th over - 1 run, 2 hits, 0 errors, 2 left on base; Los Angeles 1 - Chicago 2
BOTTOM OF THE 4TH
Chicago White Sox batting - Pitching for Los Angeles Angels : RHP Eduardo Astudillo
Batting: LHB Bryan Lupo 0-0: SINGLE (Groundball, 6MD, EV 97.5 MPH)
Batting: RHB Cory Gilmore 0-0: Fly out, F6 (Popup, 6MS, EV 60.6 MPH)
Batting: RHB Butch Arnett 0-0: Foul Ball, location: 7LSF
0-1: Ball
Wild Pitch!
Bryan Lupo to second
1-1: Ground out 6-3 (Groundball, 6, EV 106.9 MPH)
Batting: LHB Kenny Helm 0-0: Ball
1-0: Ball
2-0: Called Strike
2-1: Foul Ball, location: 2LF
2-2: Strikes out swinging
Bottom of the 4th over - 0 runs, 1 hit, 0 errors, 1 left on base; Los Angeles 1 - Chicago 2
TOP OF THE 5TH
Los Angeles Angels batting - Pitching for Chicago White Sox : LHP Domingo Tamayo
Batting: RHB Danny Rivero 0-0: Ball
1-0: Swinging Strike
1-1: Called Strike
1-2: Strikes out looking
Batting: LHB Ken Calhoun 0-0: Swinging Strike
0-1: Ball
1-1: Ball
2-1: Ball
3-1: Called Strike
3-2: SINGLE (Groundball, 6MD, EV 99.4 MPH)
Batting: RHB Matthew Allen 0-0: Fly out, F3 (Popup, 23F, EV 83.1 MPH)
Batting: RHB Jimmy Powell 0-0: Ball
1-0: Ground out 4-3 (Groundball, 4, EV 99.4 MPH)
Top of the 5th over - 0 runs, 1 hit, 0 errors, 1 left on base; Los Angeles 1 - Chicago 2
BOTTOM OF THE 5TH
Chicago White Sox batting - Pitching for Los Angeles Angels : RHP Eduardo Astudillo
Batting: SHB Jeremy Nussbaum 0-0: Called Strike
0-1: Ball
1-1: Ball
2-1: Foul Ball, location: 3DF
2-2: Ground out 5-3 (Groundball, 56, EV 91.9 MPH)
Batting: RHB Luis Marquina 0-0: Ball
1-0: Called Strike
1-1: Ball
2-1: Foul Ball, location: 9LSF
2-2: Foul Ball, location: 9LDF
2-2: Ground out 6-3 (Groundball, 56, EV 99.4 MPH)
Batting: RHB Brian Jones 0-0: Ball
1-0: Ground out 6-3 (Groundball, P, EV 80.0 MPH)
Bottom of the 5th over - 0 runs, 0 hits, 0 errors, 0 left on base; Los Angeles 1 - Chicago 2
TOP OF THE 6TH
Los Angeles Angels batting - Pitching for Chicago White Sox : LHP Domingo Tamayo
Batting: LHB Matt Evans 0-0: Ball
1-0: Called Strike
1-1: Ball
2-1: Ground out 1-3 (Groundball, 34S, EV 68.8 MPH)
Batting: RHB Jose Orozco 0-0: Called Strike
0-1: Foul Ball, location: 7LSF
0-2: Ball
1-2: Strikes out swinging
Batting: LHB Esteban Castro 0-0: Swinging Strike
0-1: Ground out 6-3 (Groundball, 6, EV 86.3 MPH)
Top of the 6th over - 0 runs, 0 hits, 0 errors, 0 left on base; Los Angeles 1 - Chicago 2
BOTTOM OF THE 6TH
Chicago White Sox batting - Pitching for Los Angeles Angels : RHP Eduardo Astudillo
Batting: LHB Dan Roos 0-0: Foul Ball, location: 2F
0-1: Called Strike
0-2: Foul Ball, location: 2F
0-2: Ball
1-2: Ball
2-2: Ball
3-2: Base on Balls
Batting: LHB Tim Eaton 0-0: Ball
1-0: Called Strike
1-1: Swinging Strike
1-2: Foul Ball, location: 2F
1-2: Fielders Choice at 2nd, 6-4 (Groundball, 6, EV 79.4 MPH)
Batting: LHB Bryan Lupo 0-0: Foul Ball, location: 2F
0-1: Fielders Choice at 2nd, 3-6 (Groundball, 23, EV 77.5 MPH)
Pitching: LHP David Soriano
Batting: RHB Cory Gilmore 0-0: Called Strike
0-1: Foul Ball, location: 2F
0-2: Ball
1-2: Ball
2-2: Foul Ball, location: 2F
2-2: SINGLE (Groundball, 23, EV 67.5 MPH) (infield hit)
Bryan Lupo to second
Batting: RHB Butch Arnett 0-0: Ball
1-0: Ball
2-0: Ball
3-0: Called Strike
3-1: Swinging Strike
3-2: Fly out, F8 (Flyball, 8RXD, EV 94.4 MPH)
Bottom of the 6th over - 0 runs, 1 hit, 0 errors, 2 left on base; Los Angeles 1 - Chicago 2
TOP OF THE 7TH
Los Angeles Angels batting - Pitching for Chicago White Sox : LHP Domingo Tamayo
Batting: RHB Mel Garcia 0-0: Foul Ball, location: 9LMF
0-1: Ground out 5-3 (Groundball, 56S, EV 86.3 MPH)
Pitching: LHP Jason Payne
Batting: RHB Tim Williams 0-0: Ground out 5-3 (Groundball, 56, EV 108.8 MPH)
Batting: RHB Danny Rivero 0-0: Called Strike
0-1: Ball
1-1: Called Strike
1-2: Foul Ball, location: 2F
1-2: Ball
2-2: Strikes out swinging
Top of the 7th over - 0 runs, 0 hits, 0 errors, 0 left on base; Los Angeles 1 - Chicago 2
BOTTOM OF THE 7TH
Chicago White Sox batting - Pitching for Los Angeles Angels : LHP David Soriano
Batting: LHB Kenny Helm 0-0: Called Strike
0-1: Foul Ball, location: 9LSF
0-2: Strikes out swinging
Batting: SHB Jeremy Nussbaum 0-0: Ball
1-0: Fly out, F8 (Flyball, 8RD, EV 93.8 MPH)
Batting: RHB Luis Marquina 0-0: Called Strike
0-1: Foul Ball, location: 2F
0-2: SINGLE (Flyball, 6MD, EV 84.4 MPH)
Batting: RHB Brian Jones 0-0: Ball
1-0: Foul Ball, location: 9LDF
1-1: Foul Ball, location: 2F
1-2: Reached on error, E5 (Groundball, 5S, EV 68.8 MPH)
Luis Marquina to second
Batting: LHB Dan Roos 0-0: Ground out 3-1 (Groundball, 34, EV 101.9 MPH)
Bottom of the 7th over - 0 runs, 1 hit, 1 error, 2 left on base; Los Angeles 1 - Chicago 2
TOP OF THE 8TH
Los Angeles Angels batting - Pitching for Chicago White Sox : LHP Jason Payne
Pinch Hitting: LHB Trevor Martz 0-0: Swinging Strike
0-1: Called Strike
0-2: Ball
1-2: Foul Ball, location: 7LMF
1-2: Ball
2-2: Strikes out looking
Batting: RHB Matthew Allen 0-0: Ball
1-0: Swinging Strike
1-1: Ball
2-1: Foul Ball, location: 2F
2-2: Strikes out swinging
Batting: RHB Jimmy Powell 0-0: Fly out, F7 (Flyball, 7S, EV 97.5 MPH)
Top of the 8th over - 0 runs, 0 hits, 0 errors, 0 left on base; Los Angeles 1 - Chicago 2
BOTTOM OF THE 8TH
Chicago White Sox batting - Pitching for Los Angeles Angels : LHP David Soriano
Pitching: RHP Manuel Barrientes
Now in CF: Matthew Allen
Now in RF: Jim Matthews
Batting: LHB Tim Eaton 0-0: Called Strike
0-1: Ball
1-1: Called Strike
1-2: Ball
2-2: Foul Ball, location: 7LDF
2-2: Strikes out looking
Batting: LHB Bryan Lupo 0-0: Called Strike
0-1: Swinging Strike
0-2: Foul Ball, location: 2F
0-2: Strikes out looking
Batting: RHB Cory Gilmore 0-0: Ball
1-0: Ball
2-0: Ball
3-0: Base on Balls
Batting: RHB Butch Arnett 0-0: Foul Ball, location: 2F
0-1: Foul Ball, location: 9LSF
0-2: Strikes out swinging
Bottom of the 8th over - 0 runs, 0 hits, 0 errors, 1 left on base; Los Angeles 1 - Chicago 2
TOP OF THE 9TH
Los Angeles Angels batting - Pitching for Chicago White Sox : LHP Jason Payne
Now in RF: Tyler Fauver
Batting: LHB Matt Evans 0-0: Foul Ball, location: 9LDF
0-1: Ball
1-1: Ball
2-1: Fly out, F8 (Line Drive, 89D, EV 97.5 MPH)
Batting: RHB Jose Orozco 0-0: Called Strike
0-1: Ball
1-1: Foul Ball, location: 2F
1-2: Ball
2-2: Strikes out looking
Pinch Hitting: RHB Fethi Yazîcîzâde 0-0: Swinging Strike
0-1: Reached on error, E6 (Groundball, 6, EV 110.0 MPH)
Batting: RHB Mel Garcia 0-0: Foul Ball, location: 9LDF
0-1: Ball
1-1: Foul Ball, location: 2F
1-2: Foul Ball, location: 2F
1-2: Strikes out swinging
Top of the 9th over - 0 runs, 0 hits, 1 error, 1 left on base; Los Angeles 1 - Chicago 2
Sunday, May 12th , 2024 - OOTP Baseball 24.11 Build 85